 Dungeon Crawl Stone Soup version 0.21-b1-23-g1fb0a74 (webtiles) character file.

35 shaad the Skirmisher (level 3, -13/29 HPs)
             Began as a Demonspawn Abyssal Knight on Jan 5, 2018.
             Was a Follower of Lugonu.
             Killed from afar by Sigmund (18 damage)
             ... with a puff of flame
             ... on level 3 of the Dungeon.
             The game lasted 00:18:11 (1551 turns).

shaad the Skirmisher (Demonspawn Abyssal Knight)    Turns: 1551, Time: 00:18:12

Health: -13/29     AC: 11    Str: 13    XL:     3   Next: 17%
Magic:  0/4        EV:  9    Int: 13    God:    Lugonu [*.....]
Gold:   140        SH:  0    Dex: 12    Spells: 2/2 levels left

rFire    x . .     SeeInvis .   a - +1 mace
rCold    + . .     Gourm    .   (no shield)
rNeg     . . .     Faith    .   k - +0 scale mail
rPois    .         Spirit   +   g - +0 helmet
rElec    .         Reflect  .   s - +1 cloak
rCorr    .         Harm     .   (no gloves)
MR       .....                  (no boots)
Stlth    ..........             (no amulet)
HPRegen  0.09/turn              l - ring of ice
MPRegen  0.09/turn              (no ring)

@: no status effects
A: molten scales 1, magic shield
a: Depart the Abyss, Renounce Religion


You were on level 3 of the Dungeon.
You worshipped Lugonu.
Lugonu was aware of your devotion.
You were not hungry.

You visited 1 branch of the dungeon, and saw 3 of its levels.
You visited the Abyss 1 time.

You collected 140 gold pieces.

Inventory:

Hand Weapons
 a - a +1 mace (weapon)
 d - a -2 mace
 h - a +0 club
Missiles
 i - 13 arrows
 q - 3 needles of sleeping
Armour
 b - a +0 leather armour
 f - a +0 ring mail
 g - a +0 helmet (worn)
 k - a +0 scale mail (worn)
 n - a +0 hat
 s - a +1 cloak (worn)
Jewellery
 l - a ring of ice (left hand)
Wands
 p - a wand of disintegration (5)
Scrolls
 o - a scroll of teleportation
 v - a scroll of identify
Potions
 e - a potion of invisibility
 m - a potion of haste {unknown}
 r - a potion of mutation {unknown}
 t - a potion of berserk rage {unknown}
 u - a potion of magic {unknown}
Comestibles
 c - 3 rations
 j - 8 chunks of flesh


   Skills:
 + Level 3.6 Fighting
 + Level 2.5 Maces & Flails
 + Level 1.9 Armour
 + Level 1.0 Dodging
 + Level 0.2 Stealth
 + Level 2.4 Invocations


You had 2 spell levels left.
You didn't know any spells.

Dungeon Overview and Level Annotations

Branches:
Dungeon (3/15)

Altars:
Okawaru
Zin
The Shining One

Annotations:
D:3 Sigmund


Innate Abilities, Weirdness & Mutations

You are partially covered in molten scales. (AC +2)
When hurt, damage is shared between your health and your magic reserves.


Message History

Something hits you but does no damage.
You see here a scroll of identify.
v - a scroll of identify Something hits you but does no damage.
Something hits you. Something hits you.
Some of the chunks of flesh in your inventory have rotted away.
You open the door.
Found a glowing silver altar of Zin.
There is an open door here.
There is a glowing silver altar of Zin here.
Something hits you.
* * * LOW HITPOINT WARNING * * *
There is an open door here.
Something hits you.
* * * LOW HITPOINT WARNING * * *
A puff of flame appears from out of thin air!
The puff of flame hits you! The fire burns you terribly!
Ouch! That really hurt!
You die...

.####..#..................
#..##....#..8..........
#.###...###............
##.# #...#.#..8.........
#.<# #...#_'......#.....
#..## ##..#.#..8.########
....# #.###....# .####
#..#..8.### #...@....#
.........<#...#
#####.....#...#
#......(..# #.....#...#
#.....#...# #.....# ..#
####### .#


There were no monsters in sight!

Vanquished Creatures
  A worm (D:2)
  A leopard gecko (D:2)
  An orc (D:2)
  A bat (D:2)
  4 giant cockroaches
  5 goblins
  2 hobgoblins
  5 kobolds
  2 quokkas (D:2)
  2 frilled lizards
  2 rats (D:2)
26 creatures vanquished.

Notes
Turn   | Place    | Note
-------+----------+-------------------------------------------
     0 | Abyss:1  | shaad the Demonspawn Abyssal Knight began the quest for the Orb.
     0 | Abyss:1  | Reached XP level 1. HP: 18/18 MP: 2/2
    55 | Abyss:1  | Noticed an ancient zyme
    99 | Abyss:1  | Noticed an eye of draining
   129 | Abyss:1  | Noticed a large abomination
   144 | Abyss:1  | Noticed a large abomination
   150 | Abyss:1  | Noticed a small abomination
   155 | Abyss:1  | Noticed a smoke demon
   160 | D:1      | Escaped the Abyss
   575 | D:1      | Gained mutation: When hurt, damage is shared between your health and your magic reserves. [demonic ancestry]
   575 | D:1      | Reached XP level 2. HP: 22/24 MP: 3/3
   704 | D:2      | Found an iron altar of Okawaru.
   729 | D:2      | Found a faded altar of an unknown god.
   841 | D:2      | Reached skill level 1 in Dodging
  1073 | D:2      | Found a glowing golden altar of the Shining One.
  1082 | D:2      | Found a transporter.
  1098 | D:2      | Found a transporter.
  1134 | D:2      | Reached * piety under Lugonu
  1326 | D:2      | Gained mutation: You are partially covered in molten scales. (AC +2) [demonic ancestry]
  1326 | D:2      | Reached XP level 3. HP: 29/29 MP: 4/4
  1520 | D:3      | Noticed Sigmund
  1544 | D:3      | Found a glowing silver altar of Zin.
  1551 | D:3      | Killed from afar by Sigmund

Skill      XL: |  1  2 |
---------------+-------+-----
Maces & Flails | 2 |  2.5
Dodging        | 1 |  1.0
Fighting       | |  3.6
Armour         | |  1.9
Stealth        | |  0.2
Invocations    | |  2.4

Action                   || total
-------------------------++-------
Melee: Mace              ||   122
Invok: Depart the Abyss  ||     1
  Use: Scroll            ||     5
  Eat: Chunk             ||     2
Armor: Ring mail         ||    13
       Scale mail        ||    63
Dodge: Dodged            ||    77
